[Event "Team 45 45 League T39"]
[Site "Internet Chess Club"]
[Date "2008.11.10"]
[Round "3"]
[White "nursey"]
[Black "jazzyrick"]
[Result "1-0"]
[WhiteElo "1635"]
[BlackElo "1518"]
[Opening "Sicilian: Najdorf, 6...e6"]
[ECO "B95"]
[Time "14:09:02"]
[TimeControl "2700+45"]

1. e4 c5 2. Nf3 d6 3. d4 cxd4 4. Nxd4 Nf6 5. Nc3 a6 6. Bg5 e6 7. Bc4 Be7 8. f4
b5 9. Bb3 h6 10. Bxf6 Bxf6 11. O-O Qb6 12. Ne2 Nc6 13. c3 e5 14. fxe5 dxe5 15.
Bd5 exd4 16. cxd4 Bb7 17. e5 Bxe5 18. Bxf7+ Ke7 19. Rf5 Rhd8 20. Qb3 Rd6 21. Re1
Rf8 22. a4 Kd8 23. axb5 axb5 24. Kh1 Bxd4 25. Rxb5 Qxb5 26. Qxb5 Rxf7 27. Nxd4
Rdf6 28. Ne6+ Kc8 29. Nc5 Nd4 30. Re8+ Kc7 31. Qxb7+ Kd6 32. Ne4# {Black
checkmated} 1-0

[Event "Team 45 45 League T39"]
[Site "Internet Chess Club"]
[Date "2008.11.10"]
[Round "3"]
[White "Ianjo"]
[Black "alastorx"]
[Result "1/2-1/2"]
[WhiteElo "1814"]
[BlackElo "1883"]
[Opening "French: Tarrasch, closed variation"]
[ECO "C05"]
[Time "11:00:37"]
[TimeControl "2700+45"]

1. d4 e6 2. e4 d5 3. Nd2 Nf6 4. e5 Nfd7 5. Bd3 c5 6. c3 Nc6 7. Ne2 Qb6 8. Nf3 f6
9. exf6 Nxf6 10. O-O Bd6 11. b3 O-O 12. Bf4 Bxf4 13. Nxf4 Qc7 14. Ne2 e5 15.
dxe5 Nxe5 16. Nxe5 Qxe5 17. Rc1 Bg4 18. Qd2 {Game drawn by mutual agreement}
1/2-1/2

[Event "Team 45 45 League T39"]
[Site "Internet Chess Club"]
[Date "2008.11.09"]
[Round "3"]
[White "kai"]
[Black "LuxAeterna"]
[Result "1-0"]
[WhiteElo "1718"]
[BlackElo "1817"]
[Opening "Caro-Kann: Tartakower (fantasy) variation"]
[ECO "B12"]
[Time "15:00:16"]
[TimeControl "2700+45"]

1. e4 c6 2. d4 d5 3. f3 e6 4. Nc3 Bb4 5. Bd2 Ne7 6. a3 Bxc3 7. Bxc3 O-O 8. Bd3
b6 9. Ne2 c5 10. dxc5 bxc5 11. Ng3 d4 12. Bd2 Qc7 13. Qe2 Nbc6 14. f4 Bb7 15.
O-O Rac8 16. Qh5 e5 17. f5 f6 18. Qg4 Kh8 19. Nh5 Ng8 20. Bc4 Rce8 21. Rf3 Re7
22. Rg3 Nb8 23. Rh3 Ba6 24. Bxa6 Nxa6 25. Rf1 c4 26. Rff3 Rd8 27. Rfg3 Nc5 28.
Bb4 Nh6 29. Qh4 Rf7 30. Nxg7 Rxg7 31. Qxh6 Rxg3 32. Rxg3 Nxe4 33. Rg4 Ng5 34.
Qxf6+ Qg7 35. Qxd8+ Qg8 36. Qf6+ Qg7 37. Qxg7+ {Black resigns} 1-0

[Event "Team 45 45 League T39"]
[Site "Internet Chess Club"]
[Date "2008.11.08"]
[Round "3"]
[White "raimundo"]
[Black "NFK"]
[Result "0-1"]
[WhiteElo "1741"]
[BlackElo "1671"]
[Opening "Budapest defense"]
[ECO "A52"]
[Time "09:59:28"]
[TimeControl "2700+45"]

1. d4 Nf6 2. c4 e5 3. dxe5 Ng4 4. Qd4 Bb4+ 5. Bd2 Bxd2+ 6. Nxd2 h5 7. h3 Nc6 8.
Qc3 Ngxe5 9. Ngf3 Qe7 10. e3 d6 11. b4 Qf6 12. Rc1 Nxf3+ 13. Nxf3 Qxc3+ 14. Rxc3
Nxb4 15. a3 Na6 16. Bd3 Nc5 17. Bc2 Bd7 18. O-O O-O-O 19. e4 f6 20. Nd4 g5 21.
Rf3 Rdf8 22. a4 g4 23. hxg4 hxg4 24. Re3 Rh6 25. f3 gxf3 26. gxf3 Rg8+ 27. Kf2
Rh2+ 28. Ke1 Rgg2 29. a5 Rd2 30. Rg1 c6 31. Rh1 Rxc2 {White resigns} 0-1

[Event "Team 45 45 League T39"]
[Site "Internet Chess Club"]
[Date "2008.11.07"]
[Round "3"]
[White "BrerRabbit"]
[Black "catrasca"]
[Result "1/2-1/2"]
[WhiteElo "1614"]
[BlackElo "1604"]
[Opening "English opening"]
[ECO "A10"]
[Time "20:01:13"]
[TimeControl "2700+45"]

1. c4 g6 2. g3 Bg7 3. Bg2 Nf6 4. Nc3 e6 5. d3 O-O 6. Bg5 h6 7. Bd2 Nc6 8. Rb1 d5
9. cxd5 Nxd5 10. e3 Ndb4 11. d4 Nd3+ 12. Ke2 Ndb4 13. Nf3 b6 14. Qa4 Ba6+ 15.
Kd1 Bb7 16. a3 Nd5 17. Nxd5 exd5 18. Bb4 Re8 19. Kd2 Nxb4 20. Qxb4 Bf8 21. Qb5
c6 22. Qa4 c5 23. Rhc1 cxd4 24. Nxd4 Qf6 25. Rf1 Bc5 26. Nb5 Bc6 27. Qb3 Red8
28. Nc7 Rac8 29. Na6 d4 30. Bxc6 dxe3+ 31. Ke2 Rxc6 32. fxe3 Qe7 33. Nxc5 Rxc5
34. Rbc1 Rxc1 35. Rxc1 {Game drawn by mutual agreement} 1/2-1/2

[Event "Team 45 45 League T39"]
[Site "Internet Chess Club"]
[Date "2008.11.08"]
[Round "3"]
[White "GambitBandit"]
[Black "ddlj81"]
[Result "1-0"]
[WhiteElo "2102"]
[BlackElo "1845"]
[Opening "Colle system"]
[ECO "D04"]
[Time "18:06:33"]
[TimeControl "2700+45"]

1. d4 d5 2. Nf3 Nf6 3. e3 c5 4. c3 e6 5. Bd3 Nc6 6. Nbd2 Bd6 7. dxc5 Bxc5 8. O-O
O-O 9. e4 Qc7 10. Qe2 dxe4 11. Nxe4 Nxe4 12. Qxe4 f5 13. Qh4 Ne5 14. Nxe5 Qxe5
15. Bf4 Qf6 16. Qxf6 gxf6 17. Bc4 Kg7 18. Rad1 a6 19. Rfe1 e5 20. Bc1 b5 21. Bb3
f4 22. Rd5 Be7 23. Bxf4 Be6 24. Rd2 Bxb3 25. axb3 Rfd8 26. Rxd8 Rxd8 27. Be3 b4
28. Kf1 bxc3 29. bxc3 Rd3 30. Rc1 f5 31. Ke2 e4 32. Rd1 Rxd1 33. Kxd1 Bd6 34. g3
h5 35. Bf4 Bc5 36. Ke2 Kf6 37. c4 Kg6 38. Be3 Be7 39. h4 Kf7 40. Bd2 Ke6 41. Bc3
Bd6 42. b4 Bc7 43. Ke3 Bd8 44. Kf4 Be7 45. c5 a5 46. bxa5 Bxc5 47. Be1 Kf6 48.
a6 Bb6 49. f3 e3 50. g4 Kg6 51. gxf5+ Kf6 52. Bc3+ Kf7 53. Kg5 e2 54. Kxh5 Bd4
55. Be1 Kf6 56. Kg4 Be3 57. h5 Kg7 58. f4 Kh6 59. Kf3 Bd4 60. Kxe2 Kxh5 61. Bf2
{Black resigns} 1-0

[Event "Team 45 45 League T39"]
[Site "Internet Chess Club"]
[Date "2008.11.07"]
[Round "3"]
[White "siddhu"]
[Black "kidviper"]
[Result "0-1"]
[WhiteElo "1751"]
[BlackElo "1751"]
[Opening "Ruy Lopez: Berlin defense, Beverwijk variation"]
[ECO "C65"]
[Time "15:00:37"]
[TimeControl "2700+45"]

1. e4 e5 2. Nf3 Nc6 3. Bb5 Nf6 4. O-O Bc5 5. Bxc6 dxc6 6. Re1 Bg4 7. h3 Bxf3 8.
Qxf3 O-O 9. d3 Re8 10. Bg5 Be7 11. Nc3 Nd7 12. Bxe7 Qxe7 13. Ne2 Qf6 14. Qxf6
Nxf6 15. Rad1 Rad8 16. g4 h6 17. f4 exf4 18. Nxf4 g5 19. Ng2 Nd7 20. Rf1 Nc5 21.
Rf5 Nxe4 22. Re1 Nd6 23. Rfe5 Rxe5 24. Rxe5 Re8 25. Rxe8+ Nxe8 26. Kf2 Kg7 27.
Ke3 Kf6 28. Ne1 Ke6 29. Nf3 Ng7 30. Nd4+ Kf6 31. Ke4 h5 32. Ne2 h4 33. Nd4 Ne6
34. Ne2 b6 35. b4 a6 36. a4 b5 37. axb5 cxb5 38. d4 c6 39. Ke3 Nc7 {White
resigns} 0-1

[Event "Team 45 45 League T39"]
[Site "Internet Chess Club"]
[Date "2008.11.09"]
[Round "3"]
[White "GtoG"]
[Black "clarnibass"]
[Result "0-1"]
[WhiteElo "1671"]
[BlackElo "1800"]
[Opening "Sicilian: Sozin attack"]
[ECO "B86"]
[Time "11:55:37"]
[TimeControl "2700+45"]

1. e4 c5 2. Nf3 d6 3. Bc4 Nf6 4. Nc3 e6 5. d4 cxd4 6. Nxd4 a6 7. Bg5 Be7 8. O-O
O-O 9. Qd2 b5 10. Bd3 Bb7 11. a3 Nbd7 12. Rae1 Ne5 13. f4 Nxd3 14. Qxd3 Rc8 15.
Qg3 Qb6 16. Rd1 Rc4 17. Kh1 Rxd4 18. e5 dxe5 19. fxe5 Nh5 20. Qh3 Bxg5 21. Qxh5
Rxd1 22. Nxd1 Be7 23. Nc3 Qc6 24. Qg4 Bxa3 25. bxa3 Qxc3 26. Qd1 Qxe5 27. Qd7
Qe2 28. Rg1 Qe4 29. h3 Qc6 30. Qd4 Rc8 31. Qh4 Qxc2 32. Qd4 Qc4 33. Qd7 Qc7 34.
Qd2 Rd8 35. Qg5 Qd6 36. Qc1 Rc8 37. Qe1 Qxa3 38. Rf1 Qc5 39. Qd1 b4 40. Qd7 Qc7
41. Qa4 Qc6 42. Qa2 a5 43. Qf2 f6 44. Qg3 e5 45. Rf3 Qc1+ 46. Kh2 Bxf3 47. gxf3
Rc2+ 48. Qg2 Qf4+ 49. Kg1 Rc1+ 50. Kf2 Rc2+ 51. Kg1 Rxg2+ 52. Kxg2 b3 53. h4 b2
54. h5 b1=Q 55. h6 Qc2+ 56. Kh3 Qch2# {White checkmated} 0-1

[Event "Team 45 45 League T39"]
[Site "Internet Chess Club"]
[Date "2008.11.09"]
[Round "3"]
[White "ZombieKnight"]
[Black "chesskix"]
[Result "1-0"]
[WhiteElo "1727"]
[BlackElo "1639"]
[Opening "QGD Slav defense: exchange variation"]
[ECO "D10"]
[Time "13:11:06"]
[TimeControl "2700+45"]

1. d4 c6 2. c4 d5 3. cxd5 cxd5 4. Nc3 Nf6 5. Bf4 Nc6 6. Nb5 Qa5+ 7. Nc3 g6 8.
Nf3 Bg7 9. e3 O-O 10. Bd3 Bg4 11. h3 Be6 12. O-O Nh5 13. Bh2 h6 14. Qb3 Qb6 15.
Qxb6 axb6 16. Bc7 Nb4 17. Bb5 f5 18. Bxb6 f4 19. a3 Nc6 20. Bd3 fxe3 21. fxe3
Ng3 22. Rfe1 Bf7 23. Kh2 Nf5 24. g4 Nd6 25. Nh4 g5 26. Nf5 Nxf5 27. Bxf5 e6 28.
Bd3 Be8 29. Rf1 Bd7 30. Bc5 Rf6 31. Rxf6 Bxf6 32. Rf1 Kg7 33. Nb5 Na5 34. Nd6
Bc6 35. Bb5 Nb3 36. Bb4 Na5 37. Bxa5 Rxa5 38. Bxc6 bxc6 39. Ne8+ {Black resigns}
1-0

[Event "Team 45 45 League T39"]
[Site "Internet Chess Club"]
[Date "2008.11.09"]
[Round "3"]
[White "Gregorio"]
[Black "PawnMorphy"]
[Result "0-1"]
[WhiteElo "2044"]
[BlackElo "1843"]
[Opening "Caro-Kann: Panov-Botvinnik attack, 5...e6"]
[ECO "B14"]
[Time "10:01:12"]
[TimeControl "2700+45"]

1. e4 c6 2. d4 d5 3. exd5 cxd5 4. c4 Nf6 5. Nc3 e6 6. Nf3 Be7 7. Bf4 O-O 8. c5
b6 9. b4 a5 10. a3 axb4 11. axb4 Rxa1 12. Qxa1 Bd7 13. Bd3 Nc6 14. Qb2 bxc5 15.
dxc5 d4 16. Ne2 Nd5 17. Bd2 Qb8 18. b5 Na7 19. b6 Bxc5 20. Qc2 Qxb6 21. Bxh7+
Kh8 22. O-O Bb5 23. Rb1 f5 24. Bg6 d3 25. Qb3 dxe2 26. Nd4 Nf6 27. Nxb5 Bxf2+
28. Kh1 Rb8 29. Bf7 Nh7 30. Qh3 Qd8 31. Bg6 Qh4 32. Qd3 e1=Q+ 33. Bxe1 Bxe1 34.
Nxa7 Rxb1 35. Qxb1 Bg3 36. h3 Nf6 37. Qb7 Bf4 38. Qc8+ Ng8 39. Qc3 Qf2 {White
resigns} 0-1

[Event "Team 45 45 League T39"]
[Site "Internet Chess Club"]
[Date "2008.11.11"]
[Round "3"]
[White "LAJ"]
[Black "MRX"]
[Result "1-0"]
[WhiteElo "1802"]
[BlackElo "1711"]
[Opening "Sicilian: closed, 2...Nc6"]
[ECO "B23"]
[Time "16:18:19"]
[TimeControl "2700+45"]

1. e4 c5 2. Nc3 Nc6 3. Bb5 d6 4. f4 Bd7 5. Nf3 e6 6. O-O Nf6 7. d4 cxd4 8. Nxd4
Qb6 9. Be3 Ng4 10. Qxg4 Nxd4 11. Bxd7+ Kxd7 12. Rad1 h5 13. Qh3 Qxb2 14. Bxd4
Qxc2 15. Rf2 {Black resigns} 1-0

[Event "Team 45 45 League T39"]
[Site "Internet Chess Club"]
[Date "2008.11.08"]
[Round "3"]
[White "BotanicalKnight"]
[Black "AVEMARIA"]
[Result "1-0"]
[WhiteElo "1624"]
[BlackElo "1727"]
[Opening "Sicilian: closed"]
[ECO "B23"]
[Time "11:01:19"]
[TimeControl "2700+45"]

1. e4 c5 2. Nc3 e6 3. d3 Nc6 4. g3 Qc7 5. Bg2 a6 6. f4 d6 7. Nf3 Bd7 8. O-O Nf6
9. a3 Be7 10. Bd2 O-O 11. h3 Rac8 12. Rc1 b5 13. g4 h6 14. Qe1 Rfe8 15. Qg3 b4
16. axb4 cxb4 17. Ne2 Qb6+ 18. Kh1 e5 19. f5 b3 20. c3 Qb5 21. c4 Qb6 22. h4 Nb4
23. Bxb4 Qxb4 24. g5 hxg5 25. hxg5 Nxe4 26. dxe4 Rxc4 27. Nc3 Bxf5 28. exf5 Rg4
29. Qf2 Bxg5 30. Nxg5 Rxg5 31. Nd5 Rh5+ 32. Kg1 Qg4 33. Ne3 Qg5 34. Rc4 Rd8 35.
Rg4 Qh6 36. f6 g6 37. Nf5 Qh7 38. Ne7+ Kf8 39. Qb6 {Black resigns} 1-0

[Event "Team 45 45 League T39"]
[Site "Internet Chess Club"]
[Date "2008.11.10"]
[Round "3"]
[White "hondocando"]
[Black "musk6868"]
[Result "1-0"]
[WhiteElo "1613"]
[BlackElo "1572"]
[Opening "two knights defense: Steinitz variation"]
[ECO "C59"]
[Time "19:14:32"]
[TimeControl "2700+45"]

1. e4 e5 2. Nf3 Nc6 3. Bc4 Nf6 4. Ng5 d5 5. exd5 Na5 6. Bb5+ c6 7. dxc6 bxc6 8.
Be2 h6 9. Nh3 Bc5 10. c3 Bxh3 11. gxh3 Ne4 12. d4 exd4 13. b4 Nxc3 14. Nxc3 Bxb4
15. O-O Bxc3 16. Rb1 O-O 17. Bb2 Bxb2 18. Rxb2 c5 19. Qa4 Qc7 20. Rfb1 Nc6 21.
Bf3 Rac8 22. Rb7 Qd6 23. Qa6 Rfd8 24. Re1 Ne5 25. Qe2 Re8 26. Kf1 Ng4 27. Qxe8+
Rxe8 28. Rxe8+ Kh7 29. Be4+ Qg6 30. Bxg6+ Kxg6 31. hxg4 {Black resigns} 1-0

[Event "Team 45 45 League T39"]
[Site "Internet Chess Club"]
[Date "2008.11.11"]
[Round "3"]
[White "Ehab"]
[Black "tsia68"]
[Result "0-1"]
[WhiteElo "1904"]
[BlackElo "1864"]
[Opening "French defense"]
[ECO "C00"]
[Time "15:00:56"]
[TimeControl "2700+45"]

1. e4 e6 2. Nf3 d5 3. exd5 exd5 4. d4 Bg4 5. Bd3 Bd6 6. c3 c6 7. Nbd2 Nf6 8. O-O
O-O 9. Re1 Nbd7 10. Nf1 Qc7 11. Ng3 Rfe8 12. Be3 Ne4 13. Qc2 Ndf6 14. Ng5 h6 15.
N5xe4 Nxe4 16. Nxe4 Bxh2+ 17. Kh1 dxe4 18. Bxe4 Bd6 19. g3 Re6 20. Kg2 Rae8 21.
Bd3 Bxg3 22. Qd2 Bd6 23. Rh1 Rf6 24. Rag1 Bf3+ 25. Kf1 Bxh1 26. Bxh6 Be4 27.
Bxg7 Bxd3+ 28. Qxd3 Rg6 29. Bf6 Rxg1+ 30. Kxg1 Bh2+ 31. Kg2 Qf4 32. Be5 Rxe5 33.
d5 {White resigns} 0-1

[Event "Team 45 45 League T39"]
[Site "Internet Chess Club"]
[Date "2008.11.06"]
[Round "3"]
[White "primerpaso"]
[Black "Warpdrive"]
[Result "1/2-1/2"]
[WhiteElo "1899"]
[BlackElo "1647"]
[Opening "English opening"]
[ECO "A16"]
[Time "20:01:43"]
[TimeControl "2700+45"]

1. c4 Nf6 2. Nc3 g6 3. g3 Bg7 4. Bg2 O-O 5. d4 d6 6. e4 c5 7. d5 Ng4 8. h3 Ne5
9. Qe2 Qa5 10. f4 Nec6 11. Qd3 Nd4 12. Be3 Na6 13. Rc1 f5 14. Qd2 Bd7 15. Nf3
Nxf3+ 16. Bxf3 Qd8 17. Kf2 Rb8 18. Kg2 b5 19. cxb5 Bxb5 20. Nxb5 Rxb5 21. b3
fxe4 22. Bxe4 Rb4 23. Qd3 Qa5 24. Rc2 Rb6 25. Re2 Nb4 26. Bd2 Qa3 27. Bxb4 Qxb4
28. Bf3 Bf6 29. Bg4 Rbb8 30. h4 Qb5 31. Qe4 Qe8 32. f5 Be5 33. Rf1 Rb4 34. Qf3
Qb5 35. Re4 h5 36. Bh3 Kg7 37. g4 gxf5 38. gxf5 Rxe4 39. Qxe4 Rg8 40. Kh1 Kf8
41. Rg1 Rxg1+ 42. Kxg1 Qa5 43. Qe2 Bd4+ 44. Kg2 Qb4 45. Kf3 Qc3+ 46. Kg2 Bf6 47.
Qf2 Qd4 48. Qxd4 {Game drawn by mutual agreement} 1/2-1/2

[Event "Team 45 45 League T39"]
[Site "Internet Chess Club"]
[Date "2008.11.09"]
[Round "3"]
[White "johnnyperez"]
[Black "tryanything"]
[Result "1-0"]
[WhiteElo "1697"]
[BlackElo "1704"]
[Opening "Scotch game"]
[ECO "C45"]
[Time "16:54:25"]
[TimeControl "2700+45"]

1. e4 e5 2. Nf3 Nc6 3. d4 exd4 4. Nxd4 Bc5 5. Be3 Bb6 6. Nc3 Nf6 7. a3 d6 8. Bb5
Bd7 9. Nxc6 bxc6 10. Bxb6 axb6 11. Bd3 O-O 12. h3 Re8 13. O-O Ra5 14. f4 Nh5 15.
b4 Qh4 16. bxa5 Bxh3 17. Qd2 Bd7 18. Ne2 Bg4 19. Qe1 Qf6 20. f5 Bxe2 21. Qxe2
Ng3 22. Qf3 Nxf1 23. Rxf1 Qd4+ 24. Qf2 Qxf2+ 25. Kxf2 bxa5 26. Rb1 g6 27. Rb7
gxf5 28. exf5 {Black resigns} 1-0

[Event "Team 45 45 League T39"]
[Site "Internet Chess Club"]
[Date "2008.11.06"]
[Round "3"]
[White "clarinetref"]
[Black "Ernie1"]
[Result "1/2-1/2"]
[WhiteElo "1721"]
[BlackElo "1593"]
[Opening "Réti opening"]
[ECO "A11"]
[Time "21:36:07"]
[TimeControl "2700+45"]

1. Nf3 c6 2. c4 d5 3. g3 Nf6 4. b3 g6 5. Bb2 Bg7 6. Bg2 O-O 7. d3 Nbd7 8. O-O
Re8 9. Nbd2 e5 10. cxd5 Nxd5 11. e4 Nb4 12. Nc4 Nc5 13. Nfxe5 Ncxd3 14. Nxd3
Nxd3 15. Bxg7 Kxg7 16. Qc2 Ne5 17. Nxe5 Rxe5 18. Qc3 f6 19. f4 Qb6+ 20. Kh1 Rc5
21. Qf3 Be6 22. Rac1 Rxc1 23. Rxc1 Rd8 24. Qc3 Qd4 25. Qe1 Qd2 26. f5 Qxe1+ 27.
Rxe1 gxf5 28. Bh3 Kg6 29. exf5+ Bxf5 30. Bxf5+ Kxf5 31. Re7 Rd1+ 32. Kg2 Rd2+
33. Kh3 Rxa2 34. Rxh7 b6 35. g4+ Ke6 36. Rh6 Kf7 37. g5 fxg5 38. Rxc6 Ra3 39.
Kg4 a5 40. Rxb6 Ra2 41. Kxg5 Rxh2 42. Ra6 Rb2 43. Rxa5 Rxb3 {Game drawn by
mutual agreement} 1/2-1/2

[Event "Team 45 45 League T39"]
[Site "Internet Chess Club"]
[Date "2008.11.10"]
[Round "3"]
[White "DavidBarnsley"]
[Black "Ser-Enigma"]
[Result "0-1"]
[WhiteElo "2055"]
[BlackElo "2134"]
[Opening "Blackmar-Diemer gambit"]
[ECO "D00"]
[Time "13:06:26"]
[TimeControl "2700+45"]

1. d4 d5 2. Nc3 Nf6 3. e4 Nxe4 4. Nxe4 dxe4 5. Bc4 Bf5 6. c3 e6 7. Qb3 b6 8. Ne2
Bd6 9. Ng3 O-O 10. d5 Bxg3 11. hxg3 exd5 12. Bxd5 c6 13. Bc4 Nd7 14. Be3 Ne5 15.
Rd1 Nd3+ 16. Kf1 b5 17. Bxd3 exd3 18. Qb4 Qd5 19. Rh5 Qe6 20. Re1 Bg4 21. Rg5
Be2+ 22. Kg1 f6 23. Rc5 Rfd8 24. c4 a5 25. Qc3 bxc4 26. Rxc4 d2 27. Bxd2 Qxc4
{White resigns} 0-1

[Event "Team 45 45 League T39"]
[Site "Internet Chess Club"]
[Date "2008.11.08"]
[Round "3"]
[White "mcplayerus"]
[Black "Zebbile"]
[Result "0-1"]
[WhiteElo "1875"]
[BlackElo "2006"]
[Opening "Grünfeld: 5.e3"]
[ECO "D94"]
[Time "14:02:06"]
[TimeControl "2700+45"]

1. d4 Nf6 2. c4 g6 3. Nf3 Bg7 4. Nc3 d5 5. e3 O-O 6. b3 c5 7. Bd3 Nc6 8. h3 a6
9. Ne2 Nb4 10. Bb1 b5 11. Bb2 dxc4 12. bxc4 bxc4 13. Ne5 cxd4 14. exd4 Bb7 15.
O-O Rc8 16. Qa4 a5 17. a3 Nbd5 18. Nxc4 Ba6 19. Bd3 Bxc4 20. Bxc4 Nb6 21. Bxf7+
Rxf7 22. Qxa5 Nc4 23. Qxd8+ Rxd8 24. Bc3 Nd5 25. Rfc1 Nxc3 26. Rxc3 Bxd4 27.
Nxd4 Rxd4 28. a4 Na5 29. Rc5 Nb3 {White resigns} 0-1

[Event "Team 45 45 League T39"]
[Site "Internet Chess Club"]
[Date "2008.11.09"]
[Round "3"]
[White "Zornorph"]
[Black "Pawntrader66"]
[Result "1-0"]
[WhiteElo "2071"]
[BlackElo "1990"]
[Opening "English: four knights, kingside fianchetto"]
[ECO "A29"]
[Time "14:00:19"]
[TimeControl "2700+45"]

1. c4 Nf6 2. Nc3 e5 3. g3 Nc6 4. Nf3 g6 5. Bg2 Bg7 6. O-O O-O 7. d4 exd4 8. Nxd4
Nxd4 9. Qxd4 d6 10. Qh4 c6 11. Bg5 h6 12. Bxh6 Bxh6 13. Qxh6 Ng4 14. Qf4 Qf6 15.
Qxf6 Nxf6 16. Rad1 Rd8 17. Rd4 Be6 18. Rfd1 d5 19. cxd5 cxd5 20. Nxd5 Nxd5 21.
Bxd5 Bxd5 22. Rxd5 Re8 23. e3 Re7 24. h4 Rc8 25. Rd8+ Rxd8 26. Rxd8+ Kg7 27. Kg2
Rc7 28. Rd2 b6 29. Kf3 Kf6 30. Kf4 Rc4+ 31. e4 Ke6 32. g4 f5 33. gxf5+ gxf5 34.
f3 fxe4 35. fxe4 Rc1 36. Rh2 Rf1+ 37. Ke3 Ke5 38. h5 Rf4 39. h6 Rxe4+ 40. Kd3
Rd4+ 41. Kc3 Rd8 42. h7 Rh8 43. Kc4 Kd6 44. Kb5 Kc7 45. Ka6 Kb8 46. a4 Kc7 47.
Rh6 Kb8 48. b3 Kc7 49. Kxa7 Kc8 50. Kxb6 Kd7 51. Ka7 Kc7 52. b4 Kd7 53. b5 Ke7
54. b6 Kf7 55. b7 Kg7 56. Rh1 Rf8 57. h8=Q+ Rxh8 58. Rxh8 {Black resigns} 1-0

[Event "Team 45 45 League T39"]
[Site "Internet Chess Club"]
[Date "2008.11.09"]
[Round "3"]
[White "charles-allen"]
[Black "kabindra"]
[Result "1/2-1/2"]
[WhiteElo "1881"]
[BlackElo "1793"]
[Opening "Giuoco Piano"]
[ECO "C54"]
[Time "09:00:12"]
[TimeControl "2700+45"]

1. e4 e5 2. Bc4 Bc5 3. Nf3 Nc6 4. c3 Nf6 5. Qe2 O-O 6. Bb3 d6 7. d3 h6 8. O-O
Bg4 9. Be3 Bb6 10. Nbd2 d5 11. Bxb6 axb6 12. exd5 Nxd5 13. Ne4 Kh8 14. h3 Bh5
15. Ng3 Nf4 16. Qe3 Bxf3 17. Qxf3 Qxd3 18. Qxd3 Nxd3 19. Rad1 Rad8 20. Rd2 f6
21. Rfd1 Nc5 22. Bd5 Ne7 23. Bf3 Rxd2 24. Rxd2 c6 25. b4 Na4 26. Rd7 Nd5 27.
Bxd5 cxd5 28. Ne2 Rc8 29. Rxd5 Nxc3 30. Nxc3 Rxc3 31. Rd7 Ra3 32. Rxb7 Rxa2 33.
Rxb6 Rb2 34. b5 f5 35. Kf1 Kg8 36. Ke1 e4 37. g3 Kf7 38. Rb7+ Kf6 39. b6 g5 40.
Rb8 Ke7 41. b7 Rb6 42. Ke2 Kd7 43. Ke3 Kc7 44. Rf8 Rb3+ 45. Ke2 Rb2+ 46. Ke3
Rb3+ {Game drawn by mutual agreement} 1/2-1/2

[Event "Team 45 45 League T39"]
[Site "Internet Chess Club"]
[Date "2008.11.10"]
[Round "3"]
[White "yopuedocontodos"]
[Black "fishhead"]
[Result "1-0"]
[WhiteElo "2033"]
[BlackElo "1920"]
[Opening "King's Indian: 6.Be2"]
[ECO "E91"]
[Time "20:30:13"]
[TimeControl "2700+45"]

1. d4 Nf6 2. c4 g6 3. Nc3 Bg7 4. e4 d6 5. Nf3 O-O 6. Be2 Nbd7 7. O-O c6 8. Re1
Qc7 9. h3 e5 10. d5 c5 11. Bd2 h6 12. Be3 a6 13. Qd2 Kh7 14. Bd3 g5 15. Nh2 Nh5
16. g3 Ndf6 17. Be2 Bxh3 18. Qd1 Kg6 19. Bxh5+ Nxh5 20. g4 Nf4 21. Bxf4 gxf4 22.
Qf3 Bxg4 23. Qxg4+ Kh7 24. Kh1 Qe7 25. Rg1 Bf6 26. Qf5+ Kh8 27. Rg2 Bg5 28. Nf3
f6 29. Rag1 Rf7 30. Rh2 Rh7 31. Rh3 Rg8 32. Rg2 Qe8 33. Nxg5 fxg5 34. Qf6+ Rgg7
35. f3 Qd7 36. Rhh2 Kg8 37. Kg1 b5 38. cxb5 axb5 39. Rxh6 Rxh6 40. Qxh6 b4 41.
Nd1 Qe7 42. b3 Kf7 43. Nb2 Ke8 44. Nc4 Kd7 45. Qh3+ Kc7 46. Na5 Kb6 47. Nc6 Qf6
48. Qc8 Rh7 49. Qb8+ Rb7 50. Qd8+ Qxd8 51. Nxd8 Ra7 52. Ne6 g4 53. fxg4 Kb5 54.
g5 c4 55. bxc4+ Kxc4 56. g6 Ra8 57. g7 Rg8 58. Kf2 Kd3 59. Kf3 b3 60. axb3 Kc3
61. Nf8 Kxb3 62. Nd7 Kc4 63. Nf6 Ra8 64. g8=Q Ra3+ 65. Kg4 Kd3 66. Qc8 Ke3 67.
Qc2 Rd3 68. Qf2# {Black checkmated} 1-0

[Event "Team 45 45 League T39"]
[Site "Internet Chess Club"]
[Date "2008.11.07"]
[Round "3"]
[White "matein7"]
[Black "Gaia"]
[Result "0-1"]
[WhiteElo "1797"]
[BlackElo "1964"]
[Opening "Benoni defense"]
[ECO "A56"]
[Time "09:11:05"]
[TimeControl "2700+45"]

1. d4 Nf6 2. c4 c5 3. e3 g6 4. Nf3 Bg7 5. Nc3 O-O 6. Be2 d6 7. O-O b6 8. Re1 Bb7
9. d5 e5 10. e4 Nbd7 11. Bg5 h6 12. Bd2 Nh5 13. Qc1 Kh7 14. Kh1 f5 15. Ng1 Nf4
16. Bf1 fxe4 17. Nxe4 Nf6 18. Nc3 Ng4 19. Be3 Bc8 20. f3 Nxe3 21. Qxe3 g5 22.
Nge2 Nxe2 23. Bxe2 Bf5 24. Bd3 Qf6 25. Bxf5+ Qxf5 26. Qe4 Kg6 27. a4 a5 28. Ra3
h5 29. h3 g4 30. Rb3 gxf3 31. gxf3 Rab8 32. Rg1+ Kh7 33. Rg5 Qxe4 34. Nxe4 Kh6
35. Rg3 Rfd8 36. h4 Bf8 37. Rg5 Be7 38. Rf5 Rf8 39. Rxf8 Bxf8 40. Kg2 Be7 41.
Kg3 Kg6 42. f4 Kf5 43. Kf3 exf4 44. Rb5 Ke5 45. Nd2 Bxh4 46. Nb3 Rg8 47. Nd2
Rg3+ 48. Ke2 Re3+ 49. Kd1 f3 50. Rxb6 f2 51. Rb8 Re1+ 52. Kc2 f1=Q 53. Re8+ Kd4
54. Nxf1 Rxf1 55. Rh8 Kxc4 56. Rxh5 Rf2+ 57. Kc1 Bf6 58. Rh3 Bxb2+ 59. Kb1 Bc3
60. Rh4+ Kb3 61. Rh1 Ra2 {White resigns} 0-1

[Event "Team 45 45 League T39"]
[Site "Internet Chess Club"]
[Date "2008.11.05"]
[Round "3"]
[White "cityprosecutor"]
[Black "Mater"]
[Result "1-0"]
[WhiteElo "1806"]
[BlackElo "1686"]
[Opening "Sicilian defense"]
[ECO "B20"]
[Time "22:03:40"]
[TimeControl "2700+45"]

1. e4 c5 2. d3 d6 3. g3 Nf6 4. Bg2 Nc6 5. Nf3 g6 6. O-O Bg7 7. Nbd2 O-O 8. a4 a6
9. Nc4 Rb8 10. e5 Nxe5 11. Ncxe5 dxe5 12. Nxe5 Nd7 13. Ng4 Ne5 14. Ne3 h6 15. f4
Nd7 16. f5 b6 17. Ng4 g5 18. h4 Ne5 19. Nxe5 Qd4+ 20. Rf2 Bxe5 21. c3 Qd6 22.
hxg5 Bxg3 23. Rf1 Kh7 24. g6+ Kg7 25. Qh5 Rh8 26. gxf7 Bb7 27. Bxb7 Rxb7 28. Rf3
Be5 29. f6+ exf6 30. Rh3 f5 31. Bxh6+ Rxh6 32. Qxh6+ Qxh6 33. Rxh6 Rxf7 34. Rxb6
Rf6 35. Rxf6 Kxf6 36. Kf2 Kg5 37. Rg1+ Kf4 38. Rg6 a5 39. Rc6 Kg4 40. Rxc5 Bg3+
41. Kf1 f4 42. Rxa5 f3 43. Ra8 Kf4 44. a5 Ke3 45. d4 Kd3 46. a6 Kc4 47. a7
{Black resigns} 1-0

[Event "Team 45 45 League T39"]
[Site "Internet Chess Club"]
[Date "2008.11.05"]
[Round "3"]
[White "cityprosecutor"]
[Black "chessateer"]
[Result "1-0"]
[WhiteElo "1794"]
[BlackElo "1826"]
[Opening "Scotch: Göring gambit"]
[ECO "C44"]
[Time "19:31:49"]
[TimeControl "2700+45"]

1. e4 e5 2. Nf3 Nc6 3. d4 exd4 4. c3 d5 5. exd5 Qxd5 6. cxd4 Bg4 7. Be2 O-O-O 8.
Nc3 Qh5 9. h3 Nf6 10. Be3 Bd6 11. Qa4 Rhe8 12. O-O-O Be6 13. Ne5 {Black resigns}
1-0

[Event "Team 45 45 League T39"]
[Site "Internet Chess Club"]
[Date "2008.11.09"]
[Round "3"]
[White "ir75"]
[Black "allanchs"]
[Result "1-0"]
[WhiteElo "1872"]
[BlackElo "1532"]
[Opening "Queen's bishop game"]
[ECO "D02"]
[Time "11:00:10"]
[TimeControl "2700+45"]

1. d4 d5 2. Nf3 Nf6 3. Bf4 e6 4. e3 Bb4+ 5. c3 Bd6 6. Bg3 O-O 7. Bd3 Nbd7 8.
Nbd2 Re8 9. Ne5 c5 10. Nxf7 Kxf7 11. Bxd6 cxd4 12. cxd4 b6 13. O-O Bb7 14. Rc1
Rc8 15. Qa4 Nf8 16. Bg3 a5 17. Bb5 N8d7 18. Bh4 Rf8 19. Nf3 h6 20. Bxd7 g5 21.
Bxc8 Bxc8 22. Ne5+ Kg7 23. Bg3 Ne4 24. Qc2 Ba6 25. Qc7+ Kg8 26. Qxd8 Rxd8 27.
Rfd1 h5 28. f3 Nf6 29. Rc6 {Black resigns} 1-0